 Dungeon Crawl Stone Soup version 0.27.1-1-g398f81649c (webtiles) character file.

Game seed: 18004619071032335741

1887 Descartes the Firebug (level 8, -9/41 HPs)
             Began as a Deep Elf Wanderer on Sept 20, 2021.
             Was an Initiate of Gozag.
             Mangled by an orc warrior (13 damage)
             ... on level 6 of the Dungeon.
             The game lasted 00:22:04 (7862 turns).

Descartes the Firebug (Deep Elf Wanderer)           Turns: 7862, Time: 00:22:15

Health: -9/41      AC:  6    Str: 14    XL:     8   Next: 92%
Magic:  4/17       EV: 14    Int: 25    God:    Gozag
Gold:   64         SH:  5    Dex: 22    Spells: 4/17 levels left

rFire    . . .     SeeInvis .   b - +0 shortbow
rCold    . . .     Faith    .   (shield currently unavailable)
rNeg     . . .     Spirit   .   d - +0 robe
rPois    .         Reflect  +   (helmet restricted)
rElec    .         Harm     .   (no cloak)
rCorr    +         Rampage  .   l - +2 pair of gloves
Will     .....     Rnd*Rage +   F - +0 pair of boots of Golden Music {rCorr Str+4 Int+4 Dex+4}
Stlth    ++........             v - amulet of reflection
HPRegen  0.13/turn              n - +6 ring of dexterity
MPRegen  0.15/turn              (no ring)

@: no status effects
A: horns 1, berserk 1
a: Renounce Religion, Potion Petition, Call Merchant, Bribe Branch


You were on level 6 of the Dungeon.
You worshipped Gozag.
Gozag was noncommittal.
You visited 2 branches of the dungeon, and saw 7 of its levels.

You collected 377 gold pieces.
You spent 228 gold pieces at shops.
You paid 85 gold pieces to Gozag.

Inventory:

Hand Weapons
 b - a +0 shortbow (weapon)
 C - a +0 dagger of venom
 D - a +0 rapier
Missiles
 c - 91 arrows (quivered ammo)
 e - 24 poisoned darts
 f - 193 stones
 k - 8 silver boomerangs
 p - 2 curare-tipped darts
 u - 20 sling bullets
Armour
 d - a +0 robe (worn)
 h - a +0 helmet
 j - a +0 tower shield
 l - a +2 pair of gloves (worn)
 y - a +0 buckler
 F - the +0 pair of boots of Golden Music (worn) {rCorr Str+4 Int+4 Dex+4}
   (You bought it in a shop on level 4 of the Dungeon)

   Str:       It affects your strength (+4).
   Int:       It affects your intelligence (+4).
   Dex:       It affects your dexterity (+4).
   rCorr:     It protects you from acid and corrosion.
Magical Staves
 z - a staff of conjuration
Jewellery
 n - a +6 ring of dexterity (left hand)
 v - an amulet of reflection (around neck)
Wands
 t - a wand of flame (25)
Scrolls
 a - 3 scrolls of identify {unknown}
 g - 2 scrolls of noise {unknown}
 i - a scroll of blinking {unknown}
 m - a scroll of acquirement {unknown}
 o - a scroll of fear {unknown}
 q - 2 scrolls of teleportation {unknown}
 r - 2 scrolls of amnesia {unknown}
 s - 2 scrolls of magic mapping {unknown}
 w - a scroll of summoning {unknown}
 x - 2 scrolls of vulnerability {unknown}
 B - 2 scrolls of fog {unknown}
 E - 2 scrolls of enchant armour {unknown}
Potions
 A - a potion of mutation
 G - a potion of might {unknown}


   Skills:
 - Level 6.0 Bows
 - Level 1.0 Throwing
 - Level 1.0 Armour
 - Level 3.0 Dodging
 - Level 2.0 Stealth
 - Level 5.0 Spellcasting
 + Level 7.0 Conjurations
 + Level 7.4 Fire Magic
 - Level 5.0 Ice Magic


You had 4 spell levels left.
You knew the following spells:

 Your Spells              Type           Power      Damage    Failure   Level
a - Foxfire               Conj/Fire      100%       2x1d9     1%          1
b - Freeze                Ice            100%       1d11      1%          1
c - Frozen Ramparts       Ice            62%        1d8       3%          3
d - Sticky Flame          Conj/Fire      42%        2d6       4%          4
e - Hailstorm             Conj/Ice       36%        3d9       7%          4

Your spell library contained the following spells:

 Spells                   Type           Power      Damage    Failure   Level
 Conjure Flame            Conj/Fire      42%        6-21      1%          3
 Inner Flame              Hex/Fire       24%        N/A       5%          3
 Slow                     Hex            6%         N/A       12%         2
 Confusing Touch          Hex            6%         N/A       24%         3
 Vampiric Draining        Necr           3%         2d6       24%         3
 Fireball                 Conj/Fire      21%        3d10      12%         5


Dungeon Overview and Level Annotations

Branches:
Dungeon (6/15)             Temple (1/1) D:5

Altars:
Ashenzari
Dithmenos
Elyvilon
Fedhas
Gozag
Hepliaklqana
Kikubaaqudgha
Makhleb
Nemelex Xobeh
Okawaru
Qazlal
Ru
Sif Muna
Trog
Uskayaw
Vehumet
Wu Jian
Xom
Yredelemnul
Zin
The Shining One

Shops:
D:4 [[(


Innate Abilities, Weirdness & Mutations

You have a pair of small horns on your head.
You tend to lose your temper in combat.


Message History

The orc warrior misses you.
The orc warrior hits your foxfire with a +0 war axe.
Why would you want to do that?
Casting: Foxfire (safe; 1% risk of failure)
Confirm with . or Enter, or press ? or * to list all spells.
You conjure some foxfire!
The foxfire hits the orc warrior but does no damage.
The orc warrior is severely wounded.
The foxfire hits the orc warrior.
The orc warrior is almost dead.
The orc warrior is distracted by your dazzling golden aura.
The orc warrior shouts!
The orc warrior is no longer distracted by gold.
The foxfire hits the orc warrior but does no damage.
The orc warrior is almost dead.
The foxfire hits the orc warrior.
The orc warrior is almost dead.
The orc is no longer distracted by gold.
You shoot an arrow.
The arrow completely misses the orc warrior.
You hear a splash.
Casting: Foxfire (safe; 1% risk of failure)
Confirm with . or Enter, or press ? or * to list all spells.
You conjure some foxfire!
The orc warrior hits you with a +0 war axe!
The orc warrior hits your foxfire with a +0 war axe.
Your magical contamination has completely faded away.
The foxfire hits the orc warrior but does no damage.
The orc warrior is almost dead.
The foxfire hits the orc warrior but does no damage.
The orc warrior is almost dead.
The orc warrior hits you with a +0 war axe!
* * * LOW HITPOINT WARNING * * *
It was a potion of mutation.
You feel extremely strange. A pair of horns grows on your head!
Your +0 helmet falls away!
You feel a little pissed off.
The orc warrior hits you with a +0 war axe!
You die...
Your body crumbles into a pile of gold.

#≈# ≈#### ##≈# $
≈≈#...#≈≈#####
≈≈#$.$$......#
####≈≈#..$#≈≈....#
...#≈#######≈....#
##.#≈##≈≈≈##≈.o..#
...#≈≈≈≈≈≈≈≈≈...o#
.....# #.......@#
#....# #.######.#
..#### #. #.# $
<....# . #.#
####.# #######.#
.....# #.......#
##########.#######
...........#
############


You could see an orc warrior and an orc.

Vanquished Creatures
  Menkaure (D:4)
  A water moccasin (D:5)
  Duvessa (D:5)
  An ice beast (D:5)
  A sky beast (D:5)
  3 necrophages
  A centaur (D:6)
  A phantom (D:4)
  3 scorpions
  Dowan (D:5)
  A wyvern skeleton (D:6)
  A howler monkey (D:4)
  A bullfrog zombie (D:5)
  A centaur zombie (D:5)
  A jelly (D:4)
  Crazy Yiuf (D:4)
  A hound (D:3)
  3 orc priests
  Jessica (D:3)
  A bullfrog skeleton (D:6)
  A centaur skeleton (D:4)
  An iguana (D:5)
  3 orc wizards
  A hound skeleton (D:5)
  4 gnolls (D:3)
  8 adders
  A howler monkey skeleton (D:5)
  2 ufetubi (D:5)
  2 worms
  2 dart slugs
  12 orcs
  8 ball pythons
  7 bats
  5 endoplasms
  A giant cockroach (D:1)
  6 goblins
  5 hobgoblins
  3 kobolds (D:1)
  2 quokkas (D:4)
  2 frilled lizards
  3 rats
105 creatures vanquished.

Vanquished Creatures (collateral kills)
  2 foxfires (D:5)
2 creatures vanquished.

Vanquished Creatures (others)
  540 foxfires
540 creatures vanquished.

Grand Total: 647 creatures vanquished

Notes
Turn   | Place    | Note
-------+----------+-------------------------------------------
     0 | D:1      | Descartes the Deep Elf Wanderer began the quest for the
                  | Orb.
     0 | D:1      | Descartes set off with the following items: a +0 mace, a +0
                  | shortbow, 24 arrows, a +0 robe; and the following spell
                  | memorised: Foxfire; and the following spells available to
                  | memorise: Conjure Flame, Inner Flame, Sticky Flame,
                  | Fireball
     0 | D:1      | Reached XP level 1. HP: 10/10 MP: 5/5
   191 | D:1      | Reached XP level 2. HP: 15/15 MP: 1/6
  1315 | D:2      | Reached skill level 1 in Dodging
  1566 | D:2      | Reached XP level 3. HP: 19/19 MP: 5/8
  1682 | D:2      | Reached skill level 1 in Conjurations
  2721 | D:3      | Noticed Jessica
  2734 | D:3      | Killed Jessica
  2735 | D:3      | Reached XP level 4. HP: 21/24 MP: 6/10
  2853 | D:3      | Learned a level 1 spell: Freeze
  3372 | D:3      | Reached XP level 5. HP: 24/28 MP: 3/11
  3473 | D:3      | Noticed an ogre
  3729 | D:3      | Found a faded altar of an unknown god.
  3807 | D:4      | Noticed a necrophage
  3816 | D:4      | Killed a necrophage
  3817 | D:4      | Reached skill level 1 in Ice Magic
  3884 | D:4      | Noticed Menkaure
  3891 | D:4      | Killed Menkaure
  3892 | D:4      | Reached XP level 6. HP: 18/32 MP: 5/13
  3896 | D:4      | Learned a level 3 spell: Frozen Ramparts
  4165 | D:4      | Reached XP level 7. HP: 36/36 MP: 9/15
  4379 | D:4      | Reached skill level 5 in Spellcasting
  4739 | D:4      | Found a runed translucent door.
  4740 | D:4      | Noticed Crazy Yiuf
  4826 | D:4      | Found Risuum Hesa's Armour Boutique.
  4968 | D:4      | Found Mubeyxki's Antique Armour Emporium.
  4983 | D:4      | Found Xaeckigi's Antique Weapon Shoppe.
  5118 | D:5      | Entered Level 5 of the Dungeon
  5208 | D:5      | Reached skill level 5 in Fire Magic
  5289 | D:5      | Learned a level 4 spell: Sticky Flame
  5313 | D:5      | Noticed Dowan
  5317 | D:5      | Noticed Duvessa
  5344 | D:5      | Killed Duvessa
  5345 | D:5      | Reached XP level 8. HP: 25/41 MP: 3/17
  5349 | D:5      | Killed Dowan
  5504 | D:5      | Reached skill level 5 in Conjurations
  5641 | D:5      | Reached skill level 5 in Ice Magic
  5654 | D:5      | Found a staircase to the Ecumenical Temple.
  5669 | Temple   | Entered the Ecumenical Temple
  5932 | Temple   | Became a worshipper of Gozag Ym Sagoz the Greedy
  6974 | D:4      | Killed Crazy Yiuf
  7035 | D:4      | Found Mubeyxki's Antique Armour Emporium.
  7038 | D:4      | Bought a pair of heavily runed boots for 228 gold pieces
  7038 | D:4      | Identified the +0 pair of boots of Golden Music {rCorr
                  | Str+4 Int+4 Dex+4} (You bought it in a shop on level 4 of
                  | the Dungeon)
  7104 | D:4      | Found Risuum Hesa's Armour Boutique.
  7242 | D:4      | Found Xaeckigi's Antique Weapon Shoppe.
  7483 | D:6      | Learned a level 4 spell: Hailstorm
  7862 | D:6      | Gained mutation: You have a pair of small horns on your
                  | head. [potion of mutation]
  7862 | D:6      | Gained mutation: You tend to lose your temper in combat.
                  | [potion of mutation]
  7862 | D:6      | Mangled by an orc warrior

Illustrated notes

Levels and vault maps discovered:
D:1:      minmay_arrival_cross, layout_basic, chequers_serial_rivers_room_a
D:2:      layout_loops_cross, hangedman_decor_peaks_small
D:3:      layout_loops_ring, basic_ecumenical_altar,
          chequers_serial_rivers_large_a, lightli_corner_chamber, uniq_jessica
D:4:      layout_cave_pools, serial_shops, nicolae_take_the_stairs,
          nicolae_diamond_shop, kennysheep_mini_moat, uniq_crazy_yiuf_cottage,
          uniq_menkaure
D:5:      layout_loops_cross, minmay_temple_entry_ruins,
          corexii_item_surrounded_by_moat, chequers_serial_rivers_small_b,
          uniq_duvessa
D:6:      layout_basic, nicolae_alphabet_shops, lightli_minifort
Temple:   kilobyte_greek_temple

Skill      XL: |  1  2  3  4  5  6  7  8 |
---------------+-------------------------+-----
Spellcasting   | 2 3 4 5 |  5.0
Dodging        | 1 2 3 |  3.0
Stealth        | 2 |  2.0
Conjurations   | 1 2 3 4 7 |  7.0
Fire Magic     | 3 4 5 7 |  7.4
Bows           | 6 |  6.0
Ice Magic      | 2 4 5 |  5.0
Throwing       | |  1.0
Armour         | |  1.0

Action                   |  1- 3 |  4- 6 |  7- 9 || total
-------------------------+-------+-------+-------++-------
 Fire: Shortbow          |    22 |    10 |     8 ||    40
 Cast: Foxfire           |   100 |    60 |   174 ||   334
       Frozen Ramparts   |       |       |     7 ||     7
       Sticky Flame      |       |       |     2 ||     2
  Use: Potion            |       |       |     4 ||     4
Armor: Robe              |     7 |       |    13 ||    20
Dodge: Dodged            |    12 |     7 |    47 ||    66
Block: Other             |       |       |    18 ||    18
